 Dungeon Crawl Stone Soup version 0.26-a0-682-g294304f6e8 (webtiles) character file.

Game seed: 2874539321799837780

14230 mandarbmax the Grappler (level 11, -18/109 HPs)
             Began as a Troll Fighter on Oct 21, 2020.
             Was an Elder of Makhleb.
             Hit by a silver javelin thrown by a minotaur (37 damage)
             ... in a Gauntlet.
             The game lasted 00:25:28 (8748 turns).

mandarbmax the Grappler (Troll Fighter)             Turns: 8748, Time: 00:25:28

Health: -18/109    AC:  9    Str: 30    XL:     11   Next: 86%
Magic:  16/16      EV: 10    Int: 10    God:    Makhleb [****..]
Gold:   602        SH: 13    Dex: 12    Spells: 10/10 levels left

rFire    . . .     SeeInvis .     - Unarmed
rCold    . . .     Faith    .   b - +2 kite shield
rNeg     . . .     Spirit   .   h - +0 robe {MR+}
rPois    .         Reflect  .   (helmet restricted)
rElec    .         Harm     .   l - +2 cloak "Vieq" {Regen+ Str+4 Slay+3}
rCorr    .         Rampage  .   (gloves unavailable)
MR       +....     NoTele   +   (boots unavailable)
Stlth    +.........             d - amulet of the acrobat
HPRegen  1.08/turn              f - +6 ring of intelligence
MPRegen  0.15/turn              (no ring)

@: no status effects
A: large, unfitting armour, claws 3, regeneration 1, shaggy fur 1, tough skin 3
a: Minor Destruction, Lesser Servant of Makhleb, Major Destruction, Renounce
Religion


You were in a Gauntlet.
You worshipped Makhleb.
Makhleb was greatly pleased with you.
You visited 2 branches of the dungeon, and saw 12 of its levels.
You also visited: Gauntlet.

You collected 602 gold pieces.

Inventory:

Missiles
 j - an atropa-tipped dart (quivered)
 q - 2 throwing nets
Armour
 b - a +2 kite shield (worn)
 h - a +0 robe of magic resistance (worn)
 l - the +2 cloak "Vieq" (worn) {Regen+ Str+4 Slay+3}
   (You found it in a Gauntlet)

   It affects your strength (+4).
   It affects your accuracy and damage with ranged weapons and melee attacks
   (+3).
   It increases your rate of regeneration.
Magical Staves
 g - an uncursed staff of earth
Jewellery
 d - an amulet of the acrobat (around neck)
 f - a +6 ring of intelligence (left claw)
Wands
 C - a wand of paralysis (10)
 D - a wand of acid (14)
 F - a wand of flame (17)
Scrolls
 e - 3 scrolls of amnesia
 i - 5 scrolls of teleportation
 k - 2 scrolls of fog
 m - a scroll of blinking
 s - 3 scrolls of remove curse
 u - 2 scrolls of immolation
 y - 2 scrolls of fear
 A - 2 scrolls of vulnerability
Potions
 c - 2 potions of curing
 n - a potion of lignification
 o - a potion of magic
 t - 2 potions of cancellation
 v - a potion of stabbing
 w - 2 potions of invisibility
 x - 2 potions of mutation
 z - a potion of resistance
 B - a potion of flight
Miscellaneous
 a - a condenser vane (inert)


   Skills:
 * Level 7.0 Fighting
 - Level 7.0 Throwing
 - Level 3.0 Dodging
 - Level 8.0 Shields
 + Level 10.1 Unarmed Combat
 - Level 8.0 Invocations


You had 10 spell levels left.
You didn't know any spells.
Your spell library was empty.

Dungeon Overview and Level Annotations

Branches:
Dungeon (11/15)            Temple (0/1) D:6            Lair (1/6) D:9
    Orc (0/2) D:10        Gauntlet (1/1)

Altars:
Dithmenos
Elyvilon
Fedhas
Gozag
Kikubaaqudgha
Makhleb
Qazlal
Ru
Trog
Wu Jian
Xom
The Shining One

Annotations:
Gauntlet 8 transporters


Innate Abilities, Weirdness & Mutations

You are too large for most types of armour.
You have claws for hands.
Your natural rate of healing is unusually fast.
You are covered in fur. (AC +1)
You have extremely tough skin. (AC +3)


Message History

* * * LOW HITPOINT WARNING * * *
x2 You feel better.
Your ufetubus barely misses the minotaur.
The minotaur furiously retaliates!
The minotaur headbutts your ufetubus!
Your ufetubus dies!
The minotaur blocks your ufetubus's attack. x2
The minotaur throws a silver javelin.
The silver javelin pierces through you but does no damage.
* * * LOW HITPOINT WARNING * * *
Okay, then.
You feel better.
Your ufetubus hits the minotaur but does no damage.
The minotaur blocks your ufetubus's attack.
The minotaur blocks your ynoxinul's attack.
Your ufetubus hits the minotaur. x2; The minotaur throws a silver javelin.
The silver javelin pierces through your ufetubus!
The silver sears your ufetubus!
Your ufetubus dies!
The silver javelin pierces through you!!!
You die...

#........8.#..#.#.#.#
##.##.###...#..#..#.#.
#8........8.#..#.#.#.#
#.....#.#...#..#......
#######.#.#...#..#######
(8/8(8#5..#.©.#≈........
.....(H3###...#∩........
#.5(#.©.#≈........
#####@#(#...#..#######
#...55#.#...#..#h.....
#8...3....8.#..#.##...
##.##.###...#..#..##.#
#........8.#..#h..#.#
########§..#..#©..#©.
#≈8≈#..#...#.#
#####..#).##.#
###..#.##...


You could see a minotaur, 2 friendly ynoxinuls and 4 friendly ufetubi.

Vanquished Creatures
  A great orb of eyes (Gauntlet)
  2 two-headed ogres
  Pikel (D:6)
  2 ugly things (Gauntlet)
  An elephant (D:9)
  2 cane toads (Lair:1)
  A komodo dragon (Lair:1)
  3 blink frogs (Lair:1)
  2 centaur simulacra (Gauntlet)
  Sigmund (D:2)
  20 yaks
  A wyvern (Lair:1)
  3 basilisks
  A steam dragon (D:10)
  Menkaure (D:4)
  A harpy simulacrum (Gauntlet)
  Edmund (D:4)
  A swamp drake (D:10)
  4 orc warriors
  3 black bears
  3 ice beasts
  7 ogres
  4 centaurs
  A phantom (D:6)
  A lemure (D:6)
  6 bullfrogs
  4 scorpions
  A water moccasin skeleton (D:9)
  4 killer bees (D:10)
  5 wights (D:10)
  An electric eel (D:8)
  3 howler monkeys (D:8)
  A quasit (D:9)
  10 orc priests
  A bullfrog skeleton (D:8)
  4 jellies
  5 hounds
  An iguana (D:4)
  9 orc wizards
  3 worker ants
  A hound zombie (D:7)
  3 hound skeletons
  10 gnolls
  A howler monkey skeleton (D:4)
  11 adders
  3 shadow imps
  2 white imps
  3 ufetubi
  An adder zombie (D:5)
  2 adder skeletons
  2 worms
  A dart slug (D:1)
  10 leopard geckos
  27 orcs
  A ball python (D:2)
  5 bats
  6 giant cockroaches
  8 goblins
  4 hobgoblins
  3 jackals (D:7)
  3 quokkas
  3 frilled lizards
  4 kobolds
  2 quokka skeletons
  2 quokka zombies
  10 rats
254 creatures vanquished.

Vanquished Creatures (collateral kills)
  A two-headed ogre (D:10)
  An electric eel (D:8)
  3 orc priests (D:8)
5 creatures vanquished.

Vanquished Creatures (others)
  A human (D:3)
  2 orcs (D:10)
  3 fungi
  6 plants
12 creatures vanquished.

Grand Total: 271 creatures vanquished

Notes
Turn   | Place    | Note
-------+----------+-------------------------------------------
     0 | D:1      | mandarbmax the Troll Fighter began the quest for the Orb.
     0 | D:1      | Reached XP level 1. HP: 22/22 MP: 0/0
    97 | D:1      | Reached XP level 2. HP: 29/29 MP: 1/1
   478 | D:2      | Reached XP level 3. HP: 36/36 MP: 2/2
   631 | D:2      | Found a stormy altar of Qazlal.
   631 | D:2      | Noticed Sigmund
   673 | D:2      | Killed Sigmund
   673 | D:2      | Reached skill level 4 in Unarmed Combat
   673 | D:2      | Reached XP level 4. HP: 30/45 MP: 3/3
   673 | D:2      | Reached XP level 5. HP: 35/53 MP: 4/4
   825 | D:2      | Found a shadowy altar of Dithmenos.
   886 | D:2      | Reached skill level 5 in Unarmed Combat
   886 | D:2      | Reached XP level 6. HP: 54/61 MP: 5/5
   936 | D:2      | Found a burning altar of Makhleb.
   963 | D:2      | Became a worshipper of Makhleb the Destroyer
  1232 | D:2      | Noticed a moth of wrath
  1236 | D:2      | Found a bloodstained altar of Trog.
  1864 | D:3      | Found an ancient bone altar of Kikubaaqudgha.
  1864 | D:3      | Noticed a human
  1870 | D:3      | Killed a human
  2034 | D:4      | Reached skill level 1 in Invocations
  2037 | D:4      | Reached * piety under Makhleb
  2093 | D:4      | You fall into a shaft and drop 1 floor!
  2093 | D:5      | Entered Level 5 of the Dungeon
  2102 | D:5      | Reached skill level 6 in Unarmed Combat
  2102 | D:5      | Reached XP level 7. HP: 61/67 MP: 5/7
  2139 | D:5      | Found a glowing golden altar of the Shining One.
  2356 | D:4      | Noticed Menkaure
  2415 | D:4      | Killed Menkaure
  2516 | D:4      | Noticed Edmund
  2525 | D:4      | Killed Edmund
  2525 | D:4      | Reached skill level 7 in Unarmed Combat
  2929 | D:5      | Reached XP level 8. HP: 75/75 MP: 9/9
  3041 | D:5      | Found a glowing golden altar of the Shining One.
  3327 | D:5      | Reached skill level 8 in Unarmed Combat
  3517 | D:6      | Reached ** piety under Makhleb
  3589 | D:6      | Reached skill level 1 in Throwing
  3791 | D:6      | Found a staircase to the Ecumenical Temple.
  3979 | D:6      | Reached skill level 5 in Shields
  4139 | D:6      | Noticed Pikel
  4147 | D:6      | Killed Pikel
  4147 | D:6      | Reached skill level 5 in Invocations
  4147 | D:6      | Reached XP level 9. HP: 81/81 MP: 11/11
  4169 | D:6      | Found a shimmering altar of Xom.
  4713 | D:7      | Found a sacrificial altar of Ru.
  4913 | D:8      | Noticed a two-headed ogre
  4922 | D:8      | Killed a two-headed ogre
  4931 | D:8      | Found a burning altar of Makhleb.
  5232 | D:8      | Reached skill level 5 in Throwing
  5235 | D:8      | Reached *** piety under Makhleb
  5442 | D:8      | Reached XP level 10. HP: 91/91 MP: 13/13
  5752 | D:9      | Found an opulent altar of Gozag.
  5823 | D:9      | Noticed an elephant
  5824 | D:9      | Found a staircase to the Lair.
  5824 | D:9      | Noticed a two-headed ogre
  5835 | D:9      | Killed a two-headed ogre
  5853 | D:9      | Killed an elephant
  6009 | D:9      | Found a white marble altar of Elyvilon.
  6216 | D:9      | Found an ornate altar of the Wu Jian Council.
  6505 | D:9      | Found a blossoming altar of Fedhas.
  6832 | D:10     | Entered Level 10 of the Dungeon
  6992 | D:10     | Noticed a two-headed ogre
  7031 | D:10     | Killed a two-headed ogre
  7031 | D:10     | Reached XP level 11. HP: 12/97 MP: 16/16
  7740 | D:10     | Reached **** piety under Makhleb
  7951 | D:10     | Found a staircase to the Orcish Mines.
  8236 | Lair:1   | Entered Level 1 of the Lair of Beasts
  8318 | Lair:1   | Reached skill level 9 in Unarmed Combat
  8368 | Lair:1   | Reached skill level 5 in Fighting
  8390 | Lair:1   | Found a gate leading to a gauntlet.
  8399 | Gauntlet | Entered a Gauntlet
  8399 | Gauntlet | Found a transporter.
  8399 | Gauntlet | Found a transporter.
  8403 | Gauntlet | Found a transporter.
  8403 | Gauntlet | Found a transporter.
  8405 | Gauntlet | Found a transporter.
  8406 | Gauntlet | Noticed a red ugly thing
  8409 | Gauntlet | Noticed a great orb of eyes
  8410 | Gauntlet | Noticed a green ugly thing
  8419 | Gauntlet | Found a transporter.
  8420 | Gauntlet | Found a transporter.
  8479 | Gauntlet | Found a transporter.
  8489 | Gauntlet | Found a transporter.
  8504 | Gauntlet | Found a transporter.
  8524 | Gauntlet | Found a transporter.
  8529 | Gauntlet | Found a transporter.
  8567 | Gauntlet | Noticed a death ooze
  8637 | Gauntlet | Killed a great orb of eyes
  8644 | Gauntlet | Killed a green ugly thing
  8650 | Gauntlet | Killed a green ugly thing
  8650 | Gauntlet | Reached skill level 10 in Unarmed Combat
  8688 | Gauntlet | Got a jewelled cloak
  8694 | Gauntlet | Identified the +2 cloak "Vieq" {Regen+ Str+4 Slay+3} (You
                  | found it in a Gauntlet)
  8736 | Gauntlet | Identified the +6 flail of Conflict {pain, Str+5}
  8736 | Gauntlet | Noticed a minotaur
  8746 | Gauntlet | HP: 3/109 [minotaur/silver javelin (8)]
  8748 | Gauntlet | Hit by a silver javelin thrown by a minotaur

Illustrated notes

Levels and vault maps discovered:
D:1:      lemuel_arrival_river_bridge, layout_rooms
D:2:      layout_loops_ring, tgw_trog, nicolae_overflow_crystal_walls,
          chequers_temple_overflow_statue_of_worship, minmay_distorted,
          uniq_sigmund
D:3:      layout_loops_ring, tgw_kikubaaqudgha
D:4:      layout_cave_pools, uniq_edmund, uniq_menkaure
D:5:      layout_basic, kennysheep_mini, basic_altar
D:6:      layout_gridville, lemuel_coloured_pillars_altar,
          minmay_temple_entry_nine_rooms, uniq_pikel
D:7:      layout_loops_ring, nicolae_ru_path_of_blood
D:8:      layout_basic, basic_altar
D:9:      layout_basic, grunt_gozag_breadcrumbs, overflow_temple_1_default,
          old_standard_altar, david_lair_generic, basic_altar
D:10:     layout_loops_cross, erik_orc_1
D:11:     layout_loops_corners, uniq_josephine
Lair:1:   layout_long_grid, gauntlet_entry_generic, grunt_megastairs_1,
          lemuel_fruit_tree
Gauntlet: gammafunk_gauntlet_shortcut [gammafunk_gauntlet_arena_chambers,
          gammafunk_gauntlet_arena_grid, nicolae_gauntlet_arena_grate_2,
          nicolae_gauntlet_arena_t_cross, gammafunk_gauntlet_arena_spirals,
          gammafunk_gauntlet_arena_split_x,
          nicolae_gauntlet_exit_dead_adventurers]

Skill      XL: |  1  2  3  4  5  6  7  8  9 10 11 |
---------------+----------------------------------+-----
Dodging        | 3 |  3.0
Fighting       | 3 7 |  7.0
Shields        | 3 4 5 6 8 |  8.0
Unarmed Combat | 4 5 6 7 8 10 | 10.1
Invocations    | 1 2 5 6 8 |  8.0
Throwing       | 3 5 7 |  7.0

Action                   |  1- 3 |  4- 6 |  7- 9 | 10-12 || total
-------------------------+-------+-------+-------+-------++-------
Melee: Unarmed           |    70 |   112 |   306 |   337 ||   825
Throw: Dart              |     1 |       |    16 |    26 ||    43
       Throwing net      |       |       |     2 |       ||     2
Invok: Minor Destruction |       |       |       |    61 ||    61
       Lesser Servant of |       |       |       |     7 ||     7
Evoke: Condenser vane    |       |       |       |     2 ||     2
  Use: Potion            |     3 |       |       |     8 ||    11
       Scroll            |       |       |    17 |     7 ||    24
 Stab: Invisible         |       |       |     2 |     2 ||     4
       Distracted        |       |       |       |     2 ||     2
Armor: Robe              |    30 |    22 |    51 |    38 ||   141
Dodge: Dodged            |    22 |    34 |    93 |   104 ||   253
Block: Kite shield       |    28 |    47 |   165 |   160 ||   400

Table legend: (Time is in decaauts)
 A = Elapsed time spent in this place.
 B = Non-inter-level travel time spent in this place.
 C = Inter-level travel time spent in this place.
 D = Time resting spent in this place.
 E = Time spent auto-exploring this place.
 F = Levels seen in this place.
 G = Mean time per level.
                   A        B        C        D        E       F      G
               +--------+--------+--------+--------+--------+-----+--------+
         Total |   8650 |   8107 |    543 |    795 |   5534 |  13 |  665.4 |
       Dungeon |   8157 |   7614 |    543 |    782 |   5340 |  11 |  741.5 |
          Lair |    151 |    151 |      0 |      0 |      0 |   1 |  151.0 |
      Gauntlet |    341 |    341 |      0 |     13 |    194 |   1 |  341.0 |
               +--------+--------+--------+--------+--------+-----+--------+

Top non-repeatable levels by time:
     D:9: 1391 daAuts
    D:10: 1055 daAuts
     D:2: 813 daAuts
     D:3: 798 daAuts
     D:5: 790 daAuts
     D:7: 744 daAuts
     D:8: 741 daAuts
     D:6: 735 daAuts
     D:4: 566 daAuts
     D:1: 477 daAuts
Gauntlet: 341 daAuts
  Lair:1: 151 daAuts
    D:11: 43 daAuts
